 Dungeon Crawl Stone Soup version 0.28.0-53-g5a82cb258f (webtiles) character file.

Game seed: 18021112039381778071

529 infcreate the Sneak (level 7, 9/36 HPs)
             Began as a Vampire Enchanter on July 29, 2022.
             Quit the game on level 5 of the Dungeon.
             The game lasted 00:10:56 (5059 turns).

infcreate the Sneak (Vampire Enchanter)             Turns: 5059, Time: 00:10:57

Health: 9/36       AC:  6    Str:  7    XL:     7   Next: 3%
Magic:  1/12       EV: 14    Int: 17    God:
Gold:   121        SH:  0    Dex: 17    Spells: 2/13 levels left

rFire   . . .      SeeInvis +   a - +1 dagger
rCold   + + .      Faith    .   (no shield)
rNeg    + + +      Spirit   .   b - +0 robe
rPois   ∞          Reflect  .   (no helmet)
rElec   .          Harm     .   (no cloak)
rCorr   .          Rampage  .   (no gloves)
Will    .....                   (no boots)
Stlth   ++++++....              (no amulet)
HPRegen 0.00/turn               T - +4 ring of protection
MPRegen 0.13/turn               (no ring)

@: bloodless, inhibited regen
A: bloodless, fangs 3, see invisible, vampiric 2
a: Bat Form, Revivify


You were on level 5 of the Dungeon.
You visited 1 branch of the dungeon, and saw 7 of its levels.

You collected 121 gold pieces.


Innate Abilities, Weirdness & Mutations

You do not regenerate when monsters are visible.
You are frail without blood (-20% HP).
You can heal yourself when you bite living creatures.
You are immune to poison.
You have razor-sharp teeth.
You have supernaturally acute eyesight. (SInv)
You are afflicted with vampirism and can become a bat while bloodless.


   Skills:
 + Level 3.6 Short Blades
 + Level 4.2 Dodging
 + Level 6.8 Stealth
 + Level 3.5 Spellcasting
 + Level 6.4 Hexes


You had 2 spell levels left.
You knew the following spells:

 Your Spells              Type           Power      Damage    Failure   Level
c - Confusing Touch       Hex            24%        N/A       3%          3
d - Tukima's Dance        Hex            24%        N/A       3%          3
e - Ensorcelled Hibernat  Hex/Ice        26%        N/A       7%          2
f - Dazzling Flash        Conj/Hex       26%        N/A       13%         3

Your spell library contained the following spells:

 Spells                   Type           Power      Damage    Failure   Level
 Magic Dart               Conj           12%        1d3       17%         1
 Sandblast                Erth           6%         2d5       17%         1
 Call Imp                 Summ           3%         N/A       26%         2
 Passwall                 Tmut/Erth      2%         N/A       26%         2
 Mephitic Cloud           Conj/Pois/Air  3%         N/A       45%         3
 Stone Arrow              Conj/Erth      6%         3d7       45%         3

Inventory:

Hand Weapons
 a - a +1 dagger (weapon)
Missiles
 e - 193 stones (quivered)
 u - a throwing net {=f}
Armour
 b - a +0 robe (worn)
Jewellery
 T - a +4 ring of protection (left hand)
Wands
 q - a wand of polymorph (8)
Scrolls
 d - 2 scrolls of blinking
 f - 2 scrolls of teleportation {@r2}
 g - a scroll of summoning {unknown}
 i - a scroll of magic mapping {unknown}
 l - a scroll of silence {unknown}
 n - 2 scrolls of fog
 o - 2 scrolls of fear {unknown}
 p - 2 scrolls of enchant weapon {unknown}
 s - a scroll of identify {unknown}
 t - a scroll of holy word {unknown}
Potions
 c - a potion of invisibility
 h - a potion of lignification {unknown}
 j - 2 potions of degeneration {unknown}
 k - 3 potions of curing {unknown}
 m - a potion of mutation {unknown}
 r - a potion of haste {unknown}

Dungeon Overview and Level Annotations

Branches:
Dungeon (7/15)             Temple (0/1) D:4

Altars:

.......####.......## #........#
....#o####.........####...#....#
.......#.......................#
.##.......##......#...#..###..##
..#.[.....###..##.#..##.......#
........#..###).>...###..##.###
........#...†........##..#..#
......#..#####o.............###
.#........# #..@o............#
.......^.#####.........#......#
......#.........##.....#..(...#
.#.........#..#.........#.....#
........#.#####........##†....#
?.........## ##....##..§.....#
...........# #.#..........<.#
.....>.....# .#...§§......##
...........# ......§.##...##


You could see an orc priest and an orc.


Message History

Confirm with . or Enter, or press ? or * to list all spells.
You don't have enough magic to cast this spell.
Casting: Ensorcelled Hibernation (safe; 7% risk of failure)
Confirm with . or Enter, or press ? or * to list all spells.
Aiming: Ensorcelled Hibernation (safe; 7% risk of failure)
Press: ? - help, Shift-Dir - straight line, f - orc priest, p - orc
Aim: an orc priest, wielding a +0 whip (moderately wounded, confused, chance to affect: 47%)
Okay, then.
Casting: Ensorcelled Hibernation (safe; 7% risk of failure)
Confirm with . or Enter, or press ? or * to list all spells.
Aiming: Ensorcelled Hibernation (safe; 7% risk of failure)
Press: ? - help, Shift-Dir - straight line, f - orc priest, p - orc
Aim: an orc priest, wielding a +0 whip (moderately wounded, confused, chance to affect: 47%)
The orc priest looks drowsy...
The orc hits you with a +0 trident.
* * * LOW HITPOINT WARNING * * *
Unknown command.
The orc closely misses you.
The orc priest shouts!
You hit the orc priest.
The orc priest is heavily wounded.
The orc barely misses you.
The orc priest seems less confused.
The orc priest hits you but does no damage.
You hit the orc priest but do no damage.
Your bite misses the orc priest.
The orc priest is heavily wounded.
The orc priest miscasts a cantrip.
Are you sure you want to abandon this character and quit the game? (Confirm with "yes".)
Okay, then.
Are you sure you want to abandon this character and quit the game? (Confirm with "yes".)

Skill      XL: |  1  2  3  4  5  6 |
---------------+-------------------+-----
Stealth        | 5 6 |  6.8
Short Blades   | 2 3 |  3.6
Hexes          | 5 6 |  6.4
Dodging        | 3 4 |  4.2
Spellcasting   | 3 |  3.5

Action                   |  1- 3 |  4- 6 |  7- 9 || total
-------------------------+-------+-------+-------++-------
Melee: Dagger            |    71 |   177 |    15 ||   263
       Bite              |     2 |    17 |       ||    19
       Punch             |     1 |     2 |       ||     3
 Cast: Ensorcelled Hiber |    18 |    25 |     4 ||    47
       Confusing Touch   |     1 |    22 |     1 ||    24
       Tukima's Dance    |       |    11 |       ||    11
 Abil: Exsanguinate      |     1 |       |       ||     1
  Use: Scroll            |     1 |     2 |       ||     3
 Stab: Sleeping          |    33 |    25 |     1 ||    59
       Confused          |     1 |    14 |       ||    15
Armor: Robe              |     8 |    26 |     2 ||    36
Dodge: Dodged            |    23 |    91 |    10 ||   124

Levels and vault maps discovered:
D:1:      dpeg_arrival_stone_temple_mockup, layout_loops_ring,
          ebering_ecumenical_altar_rust
D:2:      layout_loops_ring, serial_bayou_pond_d
D:3:      layout_rooms
D:4:      layout_basic, minmay_temple_entry_statues_fountains
D:5:      layout_cave_pools, enter_ossuary_4, gammafunk_ghost_stat_death,
          uniq_menkaure
D:6:      layout_loops_corners, ebering_ghost_sewer_d,
          minmay_fractal_squares_diagonal_5
D:7:      layout_layer_cave, uniq_harold, uniq_joseph

Notes
Turn   | Place    | Note
-------+----------+-------------------------------------------
     0 | D:1      | infcreate the Vampire Enchanter began the quest for the
                  | Orb.
     0 | D:1      | Reached XP level 1. HP: 13/13 MP: 3/3
    41 | D:1      | HP: 1/10 [quokka (2)]
   321 | D:1      | Found a faded altar of an unknown god.
   341 | D:1      | Reached XP level 2. HP: 15/15 MP: 5/5
   344 | D:1      | Learned a level 2 spell: Ensorcelled Hibernation
   817 | D:1      | Gained mutation: You are afflicted with vampirism and can
                  | become a bat while bloodless. [Vampire growth]
   817 | D:1      | Reached XP level 3. HP: 19/19 MP: 6/6
   821 | D:1      | Learned a level 3 spell: Confusing Touch
   940 | D:1      | Reached skill level 5 in Stealth
  1645 | D:2      | Reached skill level 2 in Short Blades
  1645 | D:2      | Reached skill level 5 in Hexes
  1712 | D:2      | Reached XP level 4. HP: 24/24 MP: 7/7
  2241 | D:2      | Reached skill level 3 in Dodging
  2632 | D:3      | Identified the +5 spear "Amotial" {freeze, rPois}
  2999 | D:3      | Learned a level 3 spell: Tukima's Dance
  3045 | D:4      | Reached XP level 5. HP: 28/28 MP: 1/9
  3856 | D:3      | Reached skill level 3 in Spellcasting
  4036 | D:4      | Reached skill level 6 in Stealth
  4173 | D:4      | Reached skill level 3 in Short Blades
  4173 | D:4      | Reached XP level 6. HP: 27/32 MP: 6/10
  4177 | D:4      | Learned a level 3 spell: Dazzling Flash
  4285 | D:4      | Reached skill level 6 in Hexes
  4709 | D:4      | Found a staircase to the Ecumenical Temple.
  4723 | D:4      | You fall into a shaft and drop 3 floors!
  4729 | D:7      | Reached skill level 4 in Dodging
  4827 | D:7      | Noticed a water moccasin
  4878 | D:5      | Entered Level 5 of the Dungeon
  4996 | D:5      | Reached XP level 7. HP: 33/36 MP: 4/12
  5059 | D:5      | Quit the game

Vanquished Creatures
  2 scorpions
  2 hounds (D:4)
  An orc priest (D:4)
  A bullfrog skeleton (D:5)
  A centaur skeleton (D:7)
  An iguana (D:4)
  An orc wizard (D:4)
  A hound skeleton (D:4)
  6 gnolls
  6 adders
  A shadow imp (D:6)
  6 dart slugs
  5 orcs
  8 ball pythons
  6 endoplasms
  2 giant cockroaches (D:1)
  4 goblins
  9 hobgoblins
  5 quokkas
  8 bats
  2 frilled lizards (D:1)
  4 kobolds
  8 rats
90 creatures vanquished.

Vanquished Creatures (others)
  3 dancing weapons (D:4)
3 creatures vanquished.

Grand Total: 93 creatures vanquished

Table legend: (Time is in decaauts)
 A = Elapsed time spent in this place.
 B = Non-inter-level travel time spent in this place.
 C = Inter-level travel time spent in this place.
 D = Time resting spent in this place.
 E = Time spent auto-exploring this place.
 F = Levels seen in this place.
 G = Mean time per level.
                   A        B        C        D        E       F      G
               +--------+--------+--------+--------+--------+-----+--------+
         Total |   5033 |   4847 |    186 |    918 |   2825 |   7 |  719.0 |
       Dungeon |   5033 |   4847 |    186 |    918 |   2825 |   7 |  719.0 |
               +--------+--------+--------+--------+--------+-----+--------+

Top non-repeatable levels by time:
     D:1: 1386 daAuts
     D:4: 1206 daAuts
     D:3: 1098 daAuts
     D:2: 1014 daAuts
     D:5: 175 daAuts
     D:7: 114 daAuts
     D:6: 39 daAuts

Table legend:
 A = Non-vault XP
 B = Vault XP
 C = Vault XP percentage of total XP
 D = Non-vault monster count
 E = Vault monster count
 F = Vault count percentage of total count
                 A         B        C        D         E       F
            +---------+---------+-------+---------+---------+-------
      Total |     757 |       0 |   0.0 |      90 |       0 |   0.0
            +---------+---------+-------+---------+---------+-------
        D:1 |      59 |       0 |   0.0 |      33 |       0 |   0.0
        D:2 |      65 |       0 |   0.0 |      17 |       0 |   0.0
        D:3 |      61 |       0 |   0.0 |      14 |       0 |   0.0
        D:4 |     397 |       0 |   0.0 |      20 |       0 |   0.0
        D:5 |     125 |       0 |   0.0 |       4 |       0 |   0.0
        D:6 |      11 |       0 |   0.0 |       1 |       0 |   0.0
        D:7 |      39 |       0 |   0.0 |       1 |       0 |   0.0
            +---------+---------+-------+---------+---------+-------
